 Dungeon Crawl Stone Soup version 0.30-a0-585-g93115170b9 (webtiles) character file.

Game seed: 5329893347037679656

642809 ragingrage the Sculptor of Flesh (level 27, -5/179 HPs)
             Began as a Tengu Warper on Jan 2, 2023.
             Was a Follower of Yredelemnul.
             Killed by divine providence
             ... invoked by a daeva
             ... summoned by a seraph
              (10 damage)
             ... on level 8 of the Dungeon on Jan 3, 2023.
             The game lasted 02:51:01 (94183 turns).

ragingrage the Sculptor of Flesh (Tengu Warper)    Turns: 94183, Time: 02:51:01

Health: -5/179     AC: 18    Str: 12    XL:     27
Magic:  0/48       EV: 35    Int: 17    God:    Yredelemnul [*.....]
Gold:   5807       SH:  9    Dex: 25    Spells: 26/40 levels left

rFire   + + .      SeeInvis .    a - +9 double sword (heavy)
rCold   + + +      Faith    .    W - +0 buckler of Freedom {+Inv Will+++ rCorr Str-4}
rNeg    + . .      Spirit   +    s - +4 moon troll leather armour {Spirit, Regen++ MP+5}
rPois   +          Reflect  .    c - +2 hood of the Assassin {Detection Stab+ Stlth++}
rElec   +          Harm     .    n - +3 cloak of the Armoured One {Rampage rF+ rC+}
rCorr   +          Rampage  +    F - +0 pair of fencer's gloves {Riposte Dex+3}
Will    +++++                    (boots unavailable)
Stlth   ++                       E - amulet of regeneration
HPRegen 2.89/turn                Y - ring of Yleujytia {Drain rC++ rN+ MP+9 Stlth+}
MPRegen 0.31/turn                A - ring "Wenowif" {Fire rPois Will+}

@: brilliant, flying quickly and evasively, glowing, studying 3 skills, unable
to drink, quick
A: beak, talons 3, nimble flight, cold resistance 1, low MP 1, electricity
resistance, strong 1, inability to drink after injury 1
0: Orb of Zot
}: 4/15 runes: decaying, slimy, silver, gossamer
a: Renounce Religion, Evoke Invisibility, Recall Undead Harvest


You were on level 8 of the Dungeon.
You worshipped Yredelemnul.
Yredelemnul was greatly pleased with you.
You visited 11 branches of the dungeon, and saw 53 of its levels.
You visited the Abyss 2 times.
You visited 1 ziggurat, and saw 8 of its levels.
You also visited: Ossuary, Gauntlet, Ice Cave, Volcano and Desolation.

You collected 10397 gold pieces.
You spent 4590 gold pieces at shops.

Inventory:

Hand Weapons
 a - a +9 heavy double sword (weapon)
 l - a +4 triple sword of protection
Missiles
 i - 4 throwing nets
Armour
 c - the +2 hood of the Assassin (worn) {Detection Stab+ Stlth++}
   (You found it on level 3 of the Vaults)

   It allows the wearer to sense nearby creatures.
   It allows the wearer to make particularly effective stabbing attacks against
   helpless or unaware enemies with any weapon.
   Stlth:     It makes you much more stealthy.
 n - the +3 cloak of the Armoured One (worn) {Rampage rF+ rC+}
   (You bought it in a shop on level 1 of the Elven Halls)

   rF:        It protects you from fire.
   rC:        It protects you from cold.
   Rampage:   It bestows one free step when moving towards enemies.
 s - the +4 moon troll leather armour (worn) {Spirit, Regen++ MP+5}
   (You bought it in a shop on level 10 of the Dungeon)

   MP:        It affects your magic capacity (+5).
   Regen:     It increases your rate of health regeneration.
 C - the +2 buckler of Time Monsters {rPois Dex+3 Slay+3}
   (You found it on level 5 of the Pits of Slime)

   Dex:       It affects your dexterity (+3).
   Slay:      It affects your accuracy & damage with ranged weapons and melee
   (+3).
   rPois:     It protects you from poison.
 F - the +0 pair of fencer's gloves (worn) {Riposte Dex+3}
   (You found it on level 3 of the Elven Halls)

   It allows the wearer to riposte with melee weapons, swiftly retaliating
   against missed or blocked melee attacks.
   Dex:       It affects your dexterity (+3).
 W - the +0 buckler of Freedom (worn) {+Inv Will+++ rCorr Str-4}
   (You found it on level 2 of the Spider Nest)

   Str:       It affects your strength (-4).
   +Inv:      It lets you turn invisible.
   rCorr:     It protects you from acid and corrosion.
   Will:      It greatly increases your willpower.
Jewellery
 A - the ring "Wenowif" (right hand) {Fire rPois Will+}
   (You found it in a Gauntlet)

   [ring of fire]

   It enhances your fire magic.
   rF:        It protects you from fire.
   rC:        It makes you vulnerable to cold.
   rPois:     It protects you from poison.
   Will:      It increases your willpower.
 E - an amulet of regeneration (around neck)
 L - the ring of Conformity {rPois rC+ Will+ rCorr}
   (You took it off a gnoll bouda on level 8 of the Dungeon)

   [ring of resist corrosion]

   rC:        It protects you from cold.
   rPois:     It protects you from poison.
   rCorr:     It protects you from acid and corrosion.
   Will:      It increases your willpower.
 P - the ring of Desertification {rElec Int+4 Dex+6}
   (You bought it in a shop on level 6 of the Dungeon)

   [ring of dexterity]

   Int:       It affects your intelligence (+4).
   Dex:       It affects your dexterity (+6).
   rElec:     It insulates you from electricity.
 X - a ring of see invisible
 Y - the ring of Yleujytia (left hand) {Drain rC++ rN+ MP+9 Stlth+}
   (You took it off a deep elf death mage on level 3 of the Elven Halls)

   [ring of positive energy]

   rC:        It greatly protects you from cold.
   rN:        It protects you from negative energy.
   MP:        It affects your magic capacity (+9).
   Drain:     It drains your maximum health when unequipped.
   Stlth:     It makes you more stealthy.
Wands
 y - a wand of roots (24)
 I - a wand of light (35)
 K - a wand of digging (1)
 O - a wand of charming (34)
 S - a wand of flame (95)
Scrolls
 b - 3 scrolls of enchant weapon
 e - 5 scrolls of fog
 j - 18 scrolls of teleportation
 k - 4 scrolls of summoning
 q - 3 scrolls of magic mapping
 t - 11 scrolls of fear
 v - 3 scrolls of silence
 x - 3 scrolls of enchant armour
 B - 7 scrolls of poison
 D - 15 scrolls of vulnerability
 G - 2 scrolls of blinking
 R - 4 scrolls of amnesia
Potions
 g - 8 potions of haste
 h - 10 potions of heal wounds
 m - 8 potions of might
 p - 8 potions of berserk rage
 r - 19 potions of curing
 u - 21 potions of ambrosia
 z - 13 potions of lignification
 J - 7 potions of attraction
 N - 8 potions of mutation
 Q - 7 potions of resistance
 U - 7 potions of invisibility
 V - 3 potions of cancellation
 Z - 7 potions of magic
Miscellaneous
 f - a phantom mirror
 o - a tin of tremorstones (2/2)
 w - a phial of floods
 H - a box of beasts
 M - a condenser vane
 T - a lightning rod (4/4)


   Skills:
 - Level 20.0 Fighting
 - Level 16.0 Long Blades
 - Level 6.0 Ranged Weapons
 - Level 1.0 Throwing
 - Level 12.0 Armour
 - Level 20.0 Dodging
 - Level 15.0 Stealth
 - Level 13.0 Shields
 - Level 7.0 Spellcasting
 - Level 19.0 Translocations
 - Level 7.0 Transmutations
 - Level 5.0 Air Magic
 - Level 21.0 Invocations
 + Level 14.2 Evocations


You had 26 spell levels left.
You knew the following spells:

 Your Spells              Type           Power      Damage    Failure   Level
a - Wereblood             Tmut           44%        N/A       1%          2
c - Vhi's Electric Charg  Tloc/Air       100%       N/A       1%          3
d - Manifold Assault      Tloc           82%        N/A       1%          4
e - Blink                 Tloc           100%       N/A       0%          2
f - Swiftness             Air            34%        N/A       6%          3

Your spell library contained the following spells:

 Spells                   Type           Power      Damage    Failure   Level
 Beastly Appendage        Tmut           88%        N/A       1%          1
 Momentum Strike          Conj/Tloc      100%       3d10      1%          2
 Gell's Gravitas          Tloc           82%        N/A       1%          3
 Kindle Blastsparks       Fire/Tloc/Air  100%       2d18      1%          3
 Lesser Beckoning         Tloc           100%       N/A       1%          3
 Teleport Other           Tloc           82%        N/A       1%          3
 Dispersal                Tloc           41%        N/A       1%          6
 Iskenderun's Mystic Bla  Conj/Tloc      55%        2d12      3%          4
 Passwall                 Tmut/Erth      21%        N/A       6%          2
 Poisonous Vapours        Pois/Air       42%        N/A       9%          2
 Static Discharge         Conj/Air       42%        2-4/arc   9%          2
 Summon Forest            Summ/Tloc      27%        N/A       9%          5
 Spider Form              Tmut/Pois      26%        N/A       12%         3
 Cigotuvi's Dreadful Rot  Necr/Pois/Air  34%        N/A       13%         2
 Foxfire                  Conj/Fire      52%        2x1d6     16%         1
 Magic Dart               Conj           32%        1d4       16%         1
 Necrotise                Necr           32%        1d5       16%         1
 Sandblast                Erth           16%        2d6       16%         1
 Call Imp                 Summ           8%         N/A       24%         2
 Ensorcelled Hibernation  Hex/Ice        16%        N/A       24%         2
 Scorch                   Fire           26%        2d6       24%         2
 Mephitic Cloud           Conj/Pois/Air  17%        N/A       26%         3
 Petrify                  Tmut/Erth      26%        N/A       36%         4
 Disjunction              Tloc           41%        N/A       38%         8
 Inner Flame              Hex/Fire       13%        N/A       43%         3
 Stone Arrow              Conj/Erth      16%        3d8       43%         3
 Vampiric Draining        Necr           8%         2d6       43%         3
 Alistair's Intoxication  Tmut/Pois      17%        N/A       71%         5
 Yara's Violent Unravell  Hex/Tmut       13%        3d7       71%         5
 Anguish                  Hex/Necr       4%         N/A       85%         4
 Animate Armour           Summ/Erth      16%        N/A       85%         4
 Dispel Undead            Necr           8%         3d8       85%         4
 Flame Wave               Conj/Fire      13%        2d6       85%         4
 Fulminant Prism          Conj/Hex       4%         3d5       85%         4
 Leda's Liquefaction      Hex/Erth       4%         N/A       85%         4
 Olgreb's Toxic Radiance  Pois           8%         N/A       85%         4
 Sticky Flame             Conj/Fire      13%        2d4       85%         4
 Summon Ice Beast         Ice/Summ       8%         N/A       85%         4
 Arcjolt                  Conj/Air       10%        1d20      85%         5
 Lightning Bolt           Conj/Air       10%        1d23      85%         5
 Malign Gateway           Summ/Tloc      27%        N/A       95%         7
 Agony                    Necr           8%         N/A       99%         5
 Borgnjor's Vile Clutch   Necr/Erth      4%         N/A       99%         5
 Fireball                 Conj/Fire      6%         3d5       99%         5
 Iskenderun's Battlesphe  Conj           8%         2d6       99%         5
 Lee's Rapid Deconstruct  Erth           4%         3d5*      99%         5
 Metabolic Englaciation   Hex/Ice        4%         N/A       99%         5
 Summon Mana Viper        Hex/Summ       8%         N/A       99%         5
 Eringya's Noxious Bog    Tmut/Pois      13%        N/A       99%         6
 Statue Form              Tmut/Erth      17%        N/A       99%         6
 Conjure Ball Lightning   Conj/Air       10%        3x3d6     100%        6
 Iron Shot                Conj/Erth      4%         9d2       100%        6
 Starburst                Conj/Fire      6%         6d4       100%        6
 Summon Cactus Giant      Summ           4%         N/A       100%        6
 Dragon Form              Tmut           22%        N/A       100%        7
 Enfeeble                 Hex            4%         N/A       100%        7
 Monstrous Menagerie      Summ           4%         N/A       100%        7
 Orb of Destruction       Conj           4%         9d5       100%        7
 Ozocubu's Refrigeration  Ice            4%         4d8       100%        7
 Spellforged Servitor     Conj/Summ      4%         N/A       100%        7
 Borgnjor's Revivificati  Necr           4%         N/A       100%        8
 Discord                  Hex            4%         N/A       100%        8
 Ignition                 Fire           6%         3d4       100%        8
 Lehudib's Crystal Spear  Conj/Erth      4%         10d3      100%        8
 Maxwell's Capacitive Co  Air            17%        ∞         100%        8
 Chain Lightning          Conj/Air       10%        3d14      100%        9
 Death's Door             Necr           4%         N/A       100%        9
 Fire Storm               Conj/Fire      6%         8d2       100%        9
 Shatter                  Erth           4%         3d7*      100%        9
 Animate Dead             Necr           Unusable   N/A       N/A         4
 Death Channel            Necr           Unusable   N/A       N/A         6

Dungeon Overview and Level Annotations

Branches:
Dungeon (15/15)            Temple (1/1) D:7            Lair (5/5) D:8
  Swamp (4/4) Lair:2       Spider (4/4) Lair:3        Slime (5/5) Lair:4
    Orc (2/2) D:9             Elf (3/3) Orc:2        Vaults (5/5) D:13
  Crypt (0/3) Vaults:2     Depths (4/4) D:15            Zot (5/5) Depths:4
Ossuary (visited)           IceCv (visited)         Volcano (visited)
Desolation (visited)      Gauntlet (visited)

Altars:
Ashenzari
Cheibriados
Dithmenos
Elyvilon
Fedhas
Gozag
Hepliaklqana
Kikubaaqudgha
Makhleb
Nemelex Xobeh
Okawaru
Qazlal
Ru
Sif Muna
Trog
Uskayaw
Vehumet
Wu Jian
Xom
Yredelemnul
Zin
The Shining One
Jiyva

Shops:
D:3 (   D:4 !   D:6 =   D:10 [   D:15 (   Orc:2 [(*?   Elf:1 (**([   Vaults:3 (
Vaults:5 (   Depths:1 ?

Portals:
Hell: Depths:1 Depths:2 Depths:3 Depths:4
Abyss: Depths:3
Pandemonium: Depths:2 Depths:3

Annotations:
D:2 exclusion: downstairs
Spider:1 Digging
Spider:4 1 runed translucent door, drugrobin's ghost, adept DgDe
Zot:4 1 transporter


Innate Abilities, Weirdness & Mutations

You have a beak for a mouth.
You have claws for feet.
Your magical nature lets you fly swiftly and evasively.
Your flesh is cold resistant. (rC+)
Your magical capacity is low. (-10% MP)
You are resistant to electric shocks. (rElec)
Your muscles are strong. (Str +4, Int/Dex -1)
You occasionally lose the ability to drink potions when taking damage.


Message History

You feel a surge of power!
You charge forward with an electric crackle!
You slash the seraph! You claw the seraph, but do no damage.
The seraph is heavily wounded.
The angel completely misses you. x2
The daeva blocks your spectral angel's attack.
Your spectral angel closely misses the daeva.
The seraph hits you with a +6 great sword of flaming!!!!
The seraph burns you.
The seraph hits you with a +6 great sword of flaming!!
The seraph burns you.
The daeva calls down the wrath of the Shining One upon you.
The Shining One smites you!
* * * LOW HITPOINT WARNING * * *
You chop the seraph into pieces!!! Your kick misses the seraph.
You peck the seraph, but do no damage.
The seraph is severely wounded.
The seraph no longer looks unusually strong.
The seraph hits you with a +6 great sword of flaming!!
You feel threatened and lose the ability to drink potions!
* * * LOW HITPOINT WARNING * * *
The seraph burns you.
* * * LOW HITPOINT WARNING * * *
The seraph hits you with a +6 great sword of flaming!
* * * LOW HITPOINT WARNING * * *
The seraph burns you.
Your spectral angel misses the daeva.
The daeva blocks your spectral angel's attack.
The angel completely misses you.
You riposte.
You slice the angel!! Your kick misses the angel.
The angel is lightly wounded.
The angel completely misses you.
The angel hits you with a +3 sacred scourge of holy wrath.
* * * LOW HITPOINT WARNING * * *
The angel completely misses you.
The ophan calls forth blessed flames!
Blessed fire suddenly surrounds you!
The daeva calls down the wrath of the Shining One upon you.
The Shining One smites you!
You die...
Your body rises from the dead as a mindless zombie.

..#.Z.##.#####.#.##.#
..'.........##......#
..#.#######....#.####
..#.#...# ####...#
###.#.#.#######..#
#.#.#Z##.......#
#.#<#Z##.......###
#.###.##.....§A§§#
#.Z.Z.##....GA@°§#
##########.....AA#§#
#.............AZ.#.#
.................#.#
≈~≈≈≈≈≈≈≈≈.......#.#
≈~≈≈≈≈≈≈≈≈.#######.#
....####≈≈......##.#
###8#..#≈≈......##.#####
#.###.##≈≈......##.....#


You could see a seraph, a daeva (summoned, strong, sheltered, ally target), 2
angels, an ophan (summoned, strong), a cherub (strong, sheltered) and a friendly
spectral angel.

Vanquished Creatures
  Tiamat (Zot:5)
  2 dread liches
  5 orbs of fire (Zot:5)
  Sojobo (Vaults:4)
  5 Killer Klowns
  Boris (twice) (Depths:3 D:14)
  A caustic shrike (Depths:3)
  11 golden dragons
  Nikola (Elf:1)
  3 curse toes
  A bone dragon (Depths:4)
  A Brimstone Fiend (Zig:3)
  4 electric golems
  15 tentacled monstrosities
  3 liches
  23 Orb Guardians
  A walking divine tome (Depths:3)
  A Hell Sentinel (Zig:8)
  2 walking frostbound tomes
  3 titans
  3 quicksilver dragons
  A deep elf blademaster (Elf:2)
  11 acid blobs
  2 deep elf master archers (Elf:3)
  Agnes (Elf:2)
  Frances (Elf:1)
  6 shadow dragons
  6 death cobs
  An ancient champion (Depths:1)
  2 sphinxes
  18 storm dragons
  Roxanne (Elf:2)
  9 rockslimes
  A revenant (Vaults:2)
  Donald (Vaults:1)
  3 draconian monks
  10 tengu reavers
  6 emperor scorpions
  7 fire giants
  10 ghost moths
  8 azure jellies
  4 iron dragons
  11 frost giants
  A frost giant (shapeshifter) (Zig:4)
  5 draconian knights
  4 deep elf elementalists (Elf:3)
  6 deep elf sorcerers (Elf:3)
  5 vault wardens (Vaults:5)
  3 draconian scorchers
  Louise (Depths:3)
  5 draconian shifters
  6 quicksilver oozes
  A spriggan defender (Depths:2)
  6 draconian stormcallers
  3 war gargoyles
  16 ironbound preservers
  18 very ugly things
  An angel (D:8)
  5 ironbound thunderhulks
  A broodmother (Spider:4)
  4 draconian annihilators
  13 stone giants
  6 black draconians
  6 green draconians
  6 eleionomae
  3 vampire knights (Depths:3)
  4 dire elephants
  6 deep elf demonologists
  8 red draconians
  Azrael (D:14)
  The ghost of Kinepo the Severer, a journeyman FoFi of Makhleb (Lair:4)
  4 deep elf annihilators
  2 wendigos (Zig:6)
  7 white draconians
  5 spark wasps
  4 halazid warlocks (Desolation)
  5 purple draconians
  10 yellow draconians
  A minotaur (Lair:2)
  3 bunyips
  6 fire dragons
  2 blizzard demons
  2 crystal guardians (Desolation)
  5 deep elf death magi
  13 yaktaur captains
  Snorg (D:12)
  8 ettins
  5 ragged hierophants (Desolation)
  2 entropy weavers
  A merfolk javelineer (Depths:2)
  10 servants of whispers (Desolation)
  6 deep elf high priests
  8 hydras
  A shambling mangrove (Swamp:4)
  19 vault guards (Vaults:5)
  8 great orbs of eyes
  5 ironbound frosthearts
  2 rakshasas (Depths:3)
  4 ogre magi
  7 peacekeepers
  A catoblepas (D:11)
  3 spriggan air magi
  6 ice dragons
  3 ghost crabs
  8 two-headed ogres
  13 centaur warriors
  3 radroaches
  25 dancing weapons
  7 alligators
  A boulder beetle (Vaults:2)
  A vampire mage (Depths:4)
  2 alligators (shapeshifter) (Vaults:5)
  3 deep troll earth magi
  3 tengu warriors (Depths:1)
  2 death yaks (Lair:2)
  8 deep troll shamans
  A thrashing horror (Zig:8)
  2 spriggan berserkers (Depths:2)
  2 hell knights
  An orc high priest (Orc:1)
  The ghost of MakMorn the Trooper, a novice DjCK of Xom (D:8)
  14 deep elf knights
  A shadow wraith (Vaults:5)
  8 iron trolls (Depths:3)
  A sun moth (Spider:3)
  2 pharaoh ants
  A spriggan rider (Zig:5)
  A wretched star (Zig:8)
  2 spatial maelstroms (Zig:8)
  10 skeletal warriors
  2 death drakes
  4 swamp dragons
  5 spriggan druids
  8 goliath frogs
  69 deep trolls
  4 glowing orange brains
  A shadow demon (Depths:4)
  7 orc knights (Orc:2)
  12 orb spiders
  8 deep elf archers
  50 slime creatures
  3 lindwurms
  An obsidian statue (Zot:5)
  Pikel (D:4)
  3 necromancers
  3 phantasmal warriors
  13 ironbound convokers
  A wolf spider zombie (Spider:4)
  4 harpies (Vaults:2)
  30 ugly things
  9 wizards
  15 deep elf pyromancers
  4 cyclopes
  2 orc sorcerers (Orc:1)
  8 steelbarb worms
  A tengu skeleton (Vaults:4)
  25 deep elf zephyrmancers
  17 wolf spiders
  A draconian zombie (Zot:2)
  4 will-o-the-wisps
  3 shining eyes
  A sphinx skeleton (Vaults:4)
  3 manticores
  A shining eye (shapeshifter) (Zig:4)
  A moth of wrath (shapeshifter) (Vaults:5)
  A guardian serpent (shapeshifter) (D:15)
  6 elephants
  A rust devil (Depths:2)
  A black mamba (Lair:3)
  20 moths of wrath
  A frost giant skeleton (Zig:2)
  4 molten gargoyles
  2 water nymphs (Swamp:3)
  11 vault sentinels
  2 torpor snails
  6 guardian serpents (Desolation)
  2 naga magi (Vaults:3)
  The ghost of Newt the Trooper, a novice DsGl of Okawaru (D:5)
  2 ice statues (IceCv)
  A gargoyle (D:12)
  8 cane toads
  5 smoke demons
  26 yaktaurs
  2 kobold demonologists (D:14)
  6 demonic crawlers
  3 hellions
  4 rime drakes
  5 tengu conjurers
  A freezing wraith (Vaults:5)
  5 komodo dragons
  2 tormentors
  An efreet (Gauntlet)
  A guardian mummy (Zot:2)
  3 polar bears
  4 trolls
  9 meliai
  Prince Ribbit (D:5)
  66 saltlings
  A demonic crawler zombie (Spider:4)
  11 hornets
  2 queen bees
  10 blink frogs
  6 tyrant leeches
  20 tarantellas
  A queen bee (shapeshifter) (Elf:1)
  A spectral guardian serpent (Desolation)
  A tengu simulacrum (Zig:6)
  A tarantella (shapeshifter) (Vaults:5)
  A dream sheep (Lair:4)
  A raiju (Zig:8)
  A human simulacrum (Vaults:4)
  17 jumping spiders
  A shadow (D:9)
  2 centaur simulacra
  A spriggan (Swamp:3)
  An air elemental (Elf:2)
  15 culicivoras
  2 wraiths (D:13)
  28 yaks
  A culicivora (shapeshifter) (D:13)
  5 water elementals
  2 ynoxinuls
  Eustachio (D:5)
  A hog (Swamp:2)
  7 fire elementals
  36 redbacks
  An ushabti (Zig:2)
  A redback (shapeshifter) (Elf:2)
  Grum (D:8)
  3 wyverns
  19 vampire mosquitoes
  A chaos spawn (Zig:4)
  3 wargs
  6 large abominations
  4 acid dragons
  9 hell hounds
  10 swamp worms
  An acid dragon (shapeshifter) (D:14)
  11 water moccasins
  2 floating eyes
  Duvessa (D:6)
  A floating eye (shapeshifter) (Vaults:5)
  11 orc warriors
  10 swamp drakes
  3 black bears
  A spriggan simulacrum (Zig:6)
  7 boggarts
  3 ogres
  4 wolves
  8 centaurs
  The ghost of Heh the Stinger, an amateur OpVM (D:3)
  2 kobold brigands
  2 elf zombies
  10 bullfrogs
  3 scorpions
  2 elf skeletons (D:7)
  4 gnoll sergeants
  An earth elemental (Elf:3)
  8 wights (D:9)
  Dowan (D:6)
  40 killer bees
  3 lindwurm simulacra (IceCv)
  2 small abominations
  2 howler monkeys (D:7)
  An electric eel (Spider:4)
  A centaur zombie (Ossuary)
  7 lava snakes (Volcano)
  10 komodo dragon simulacra (IceCv)
  2 iron imps
  3 human zombies
  Crazy Yiuf (D:3)
  15 orc priests
  2 gnoll boudas
  5 hounds
  2 water moccasin simulacra (D:5)
  A human skeleton (D:7)
  4 iguanas
  17 orc wizards
  8 mummies
  Robin (D:3)
  17 gnolls
  6 acid dragon simulacra (IceCv)
  5 adders
  5 white imps
  2 ufetubi (D:5)
  A steam dragon simulacrum (IceCv)
  5 worms
  A dart slug (D:5)
  An adder simulacrum (D:5)
  56 orcs
  5 endoplasms
  A giant cockroach (D:1)
  A gnoll zombie (Ossuary)
  6 hobgoblins
  3 jackals (D:4)
  2 quokkas
  8 ball pythons
  7 bats
  2 frilled lizards (D:1)
  18 goblins
  2 goblin zombies (Ossuary)
  9 kobolds
  3 kobold zombies (Ossuary)
  An orc skeleton (D:7)
  An orc zombie (D:7)
  5 rats
  A pillar of salt (Vaults:3)
1816 creatures vanquished.

Vanquished Creatures (collateral kills)
  the Royal Jelly (Slime:5)
  An ancient lich (Vaults:5)
  2 curse toes (Zot:3)
  A tentacled monstrosity (Depths:2)
  3 Orb Guardians (Zot:5)
  A lich (Zot:2)
  4 quicksilver dragons
  A titan (Vaults:5)
  3 deep elf blademasters (Elf:3)
  8 acid blobs
  A sphinx (Vaults:2)
  A death cob (Zot:2)
  2 shadow dragons
  4 tengu reavers (Vaults:5)
  2 storm dragons
  Kirke (Swamp:2)
  2 draconian monks
  2 fenstrider witches
  A fire giant (Depths:3)
  3 draconian scorchers
  2 azure jellies (Slime:5)
  2 rockslimes
  2 deep elf sorcerers (Elf:3)
  4 frost giants
  3 iron dragons
  A vault warden (Vaults:5)
  2 emperor scorpions (Spider:4)
  3 deep elf elementalists (Elf:3)
  3 ghost moths
  2 draconian annihilators
  3 quicksilver oozes
  A spriggan defender (Depths:2)
  3 draconian shifters
  A ghoul (Zig:5)
  3 broodmothers
  7 very ugly things
  6 ironbound preservers
  2 stone giants (Vaults:5)
  2 ironbound thunderhulks (Vaults:4)
  A war gargoyle (Vaults:4)
  A minotaur (Gauntlet)
  A green draconian (Zot:3)
  3 black draconians
  5 purple draconians
  A bunyip (Swamp:3)
  3 eleionomae
  2 white draconians
  A dire elephant (Vaults:1)
  5 deep elf annihilators (Elf:3)
  4 red draconians
  5 ettins
  3 spark wasps
  3 yellow draconians
  A very ugly thing zombie (Depths:4)
  A crystal guardian (Vaults:2)
  The ghost of varamyr the Grappler, a journeyman TrFi of the Shining One (Lair:2)
  4 deep elf high priests (Elf:3)
  3 yaktaur captains
  3 entropy weavers
  A great orb of eyes (Vaults:4)
  A merfolk impaler (Depths:2)
  A servant of whispers (Desolation)
  7 vault guards (Vaults:5)
  7 hydras
  A peacekeeper (Vaults:2)
  2 hell beasts
  2 jorogumos
  A rakshasa (Depths:3)
  2 spriggan air magi
  A catoblepas (Lair:5)
  2 ghost crabs (Swamp:4)
  4 alligators
  A dancing weapon (Elf:2)
  2 radroaches
  3 deep troll shamans
  2 boulder beetles
  An ice dragon (Depths:4)
  2 death yaks
  2 spriggan berserkers
  3 two-headed ogres (Vaults:5)
  An orc high priest (Orc:2)
  A hell knight (Depths:2)
  4 deep elf knights
  A fire crab (Volcano)
  A fire crab (shapeshifter) (Depths:4)
  2 pharaoh ants
  6 skeletal warriors
  A deep troll (shapeshifter) (Depths:2)
  21 deep trolls
  An orb spider (shapeshifter) (Vaults:5)
  5 goliath frogs
  6 swamp dragons (Swamp:4)
  A spark wasp zombie (Depths:4)
  2 orb spiders
  A wizard (Vaults:3)
  A glowing orange brain (Vaults:4)
  2 bog bodies
  A spriggan druid (Swamp:4)
  2 deep elf archers
  2 ironbound convokers
  2 phantasmal warriors (Vaults:5)
  3 steelbarb worms
  2 lindwurms (Swamp:4)
  5 deep elf pyromancers
  An orc knight (Orc:2)
  A harpy (Vaults:2)
  An orc sorcerer (Orc:1)
  5 deep elf zephyrmancers
  13 ugly things
  A shining eye (Slime:1)
  A cyclops (D:14)
  2 wolf spiders
  4 moths of wrath
  2 will-o-the-wisps (Swamp:2)
  5 elephants
  A vault sentinel (Vaults:4)
  3 torpor snails
  3 manticores
  2 eyes of devastation
  A black mamba (Lair:5)
  A rust devil (Depths:2)
  5 demonic crawlers
  6 cane toads (Lair:5)
  An orange demon (Depths:2)
  6 yaktaurs
  A kobold demonologist (D:13)
  4 komodo dragons
  2 freezing wraiths (Vaults:5)
  An ancient zyme (Zig:8)
  A troll (D:10)
  A tengu conjurer (Depths:1)
  4 polar bears
  3 meliai
  5 tyrant leeches
  2 hornets
  4 tarantellas
  A tarantella zombie (Spider:4)
  9 blink frogs (Lair:5)
  A raiju (Zig:8)
  8 dream sheep
  5 saltlings
  8 jumping spiders
  9 culicivoras
  10 slime creatures
  6 spriggans
  2 fire elementals
  A yak (shapeshifter) (D:15)
  A hog (shapeshifter) (Vaults:5)
  A human (Swamp:2)
  5 yaks
  A golden eye (Slime:4)
  A basilisk (D:14)
  18 redbacks
  9 vampire mosquitoes
  4 swamp worms
  A floating eye (Depths:2)
  2 water moccasins (Lair:4)
  3 orc warriors
  A sky beast (D:8)
  A swamp drake (Swamp:4)
  An ogre (Orc:2)
  A boggart (Vaults:2)
  4 wolves (Lair:3)
  3 centaurs (D:13)
  4 bullfrogs
  An electric eel (Lair:5)
  A komodo dragon simulacrum (IceCv)
  2 orc priests (Orc:2)
  4 orc wizards
  A lava snake zombie (Volcano)
  A worm (Spider:1)
  17 orcs
  4 kobolds
  An orc zombie (Orc:2)
  13 pillars of salt
528 creatures vanquished.

Vanquished Creatures (others)
  An ancient lich (Zot:5)
  3 spectral tentacled monstrosities
  2 fire giants
  A spectral titan (Depths:4)
  A jelly zombie (Slime:5)
  A spectral acid blob (Slime:5)
  2 Killer Klown zombies (Zot:5)
  A war gargoyle (Vaults:5)
  A draconian annihilator (Depths:4)
  A spectral quicksilver dragon (Zot:1)
  A spectral draconian (Zot:5)
  3 rockslime zombies
  A black draconian (Depths:4)
  9 acid blob zombies
  5 very ugly thing zombies
  A quicksilver dragon zombie (Zot:2)
  A spectral emperor scorpion (Elf:3)
  8 Orb Guardian zombies (Zot:5)
  2 azure jelly zombies
  3 quicksilver ooze zombies
  3 storm dragon zombies
  2 titan zombies
  2 emperor scorpion zombies
  3 spark wasp zombies (Depths:4)
  A deep troll (Vaults:4)
  A spectral radroach (Spider:4)
  2 ghost moth zombies
  3 golden dragon zombies
  A wizard (Vaults:4)
  A swamp dragon (Swamp:3)
  2 wolf spider zombies
  A goliath frog zombie (Swamp:3)
  2 shadow dragon zombies (Vaults:5)
  An ironbound convoker (Vaults:4)
  4 tengu zombies
  4 ugly thing zombies
  3 deep elf pyromancers
  2 eleionoma zombies
  2 iron dragon zombies
  A fire giant zombie (Zot:2)
  4 frost giant zombies
  A moth of wrath (Zot:2)
  5 stone giant zombies
  7 draconian zombies
  4 green draconian zombies
  A spectral rakshasa (Depths:3)
  A spectral lindwurm (D:13)
  5 purple draconian zombies
  2 spectral swamp dragons
  4 black draconian zombies
  A steelbarb worm zombie (Spider:2)
  A rime drake (IceCv)
  3 red draconian zombies
  3 white draconian zombies
  A swamp worm zombie (Swamp:4)
  2 harpy zombies (Vaults:2)
  2 orb spider zombies
  13 redback zombies
  3 yellow draconian zombies (Zot:5)
  A demonic crawler zombie (Spider:2)
  3 hydra zombies
  3 bloated husks
  7 culicivora zombies
  3 guardian serpent zombies
  A saltling (Desolation)
  5 moth of wrath zombies
  A jumping spider zombie (Spider:2)
  8 tarantella zombies
  A spectral human (Desolation)
  3 meliai zombies
  3 ice dragon zombies
  2 great orb of eyes zombies (Slime:5)
  4 alligator zombies
  2 fire dragon zombies
  2 ettin zombies
  A spectral hell beast (Depths:2)
  A hog (Swamp:2)
  21 slime creature zombies
  4 cane toad zombies (Lair:5)
  4 two-headed ogre zombies
  12 deep troll zombies
  An acid dragon (Zig:7)
  2 entropy weaver zombies (Spider:2)
  23 human zombies
  A spectral eye of devastation (Slime:1)
  4 swamp dragon zombies (Swamp:4)
  2 manticore zombies
  2 spectral shining eyes
  31 elf zombies
  5 hornet zombies
  A spectral golden eye (Slime:4)
  A blink frog zombie (Lair:5)
  11 vampire mosquito zombies
  A spectral ynoxinul (Zig:8)
  14 yaktaur zombies
  A fire crab zombie (Depths:4)
  A troll zombie (D:12)
  A wyvern zombie (Lair:2)
  A hell hound zombie (Gauntlet)
  3 water moccasin zombies (Lair:5)
  A yak zombie (D:9)
  2 polar bear zombies
  4 spriggan zombies
  A warg zombie (Orc:2)
  2 wolf zombies
  3 bullfrog zombies
  8 centaur zombies
  3 kobold zombies (D:14)
  3 boggart zombies (D:14)
  13 killer bee zombies
  4 ogre zombies
  3 acid dragon zombies
  2 spectral electric eels
  4 swamp drake zombies
  A spectral iron imp (Abyss:2)
  An orc (D:7)
  10 gnoll zombies
  26 orc zombies
  13 foxfires
  47 fungi
  4 pillars of salt
  151 plants
  2 withered plants (Spider:4)
658 creatures vanquished.

Grand Total: 3002 creatures vanquished

Notes
Turn   | Place    | Note
-------+----------+-------------------------------------------
     0 | D:1      | ragingrage the Tengu Warper began the quest for the Orb.
     0 | D:1      | Reached XP level 1. HP: 12/12 MP: 4/4
    77 | D:1      | Reached XP level 2. HP: 14/17 MP: 6/6
   449 | D:1      | Reached XP level 3. HP: 21/21 MP: 7/7
  1116 | D:2      | Found a faded altar of an unknown god.
  1290 | D:3      | Noticed Robin
  1377 | D:3      | Noticed an ogre
  1465 | D:3      | Reached XP level 4. HP: 25/26 MP: 8/8
  1505 | D:3      | Found an ancient bone altar of Kikubaaqudgha.
  1685 | D:3      | Found Cueg's Antique Weapon Shop.
  1696 | D:3      | Bought a glowing sling for 130 gold pieces
  1719 | D:3      | Reached skill level 5 in Long Blades
  2040 | D:3      | Gained mutation: Your magical nature lets you fly swiftly
                  | and evasively. [Tengu growth]
  2040 | D:3      | Reached XP level 5. HP: 18/30 MP: 4/9
  2040 | D:3      | Killed Robin
  2139 | D:3      | Found an ornate altar of the Wu Jian Council.
  2281 | D:3      | Found a runed translucent door.
  2284 | D:3      | Noticed Heh's ghost (amateur OpVM)
  2406 | D:3      | Found a runed translucent door.
  2407 | D:3      | Noticed Crazy Yiuf
  2495 | D:3      | Killed Crazy Yiuf
  2855 | D:4      | Reached XP level 6. HP: 35/35 MP: 10/10
  2968 | D:4      | Found Pisocw's Distillery.
  3016 | D:4      | Bought a potion of haste for 120 gold pieces
  3016 | D:4      | Bought a potion of degeneration for 12 gold pieces
  3479 | D:4      | Learned a level 2 spell: Blink
  3494 | D:5      | Entered Level 5 of the Dungeon
  3548 | D:5      | Reached skill level 1 in Stealth
  3548 | D:5      | Reached XP level 7. HP: 23/40 MP: 8/11
  3656 | D:5      | Noticed Newt's ghost (novice DsGl)
  3686 | D:5      | Found a runed translucent gate.
  3686 | D:5      | Found a runed translucent gate.
  3686 | D:5      | Found a runed translucent gate.
  3732 | D:5      | Found a glowing golden altar of the Shining One.
  3732 | D:5      | Found a white marble altar of Elyvilon.
  3732 | D:5      | Found a glowing silver altar of Zin.
  3748 | D:5      | Noticed Pikel
  3885 | D:4      | Killed Pikel
  3886 | D:4      | Reached XP level 8. HP: 34/45 MP: 8/12
  4295 | D:5      | Noticed Prince Ribbit
  4306 | D:5      | Killed Prince Ribbit
  4327 | D:5      | Reached skill level 1 in Ranged Weapons
  5075 | D:6      | Found Asuf's Jewellery Boutique.
  5109 | D:6      | Noticed Eustachio
  5447 | D:5      | Killed Eustachio
  5531 | D:6      | Noticed Dowan
  5533 | D:6      | Noticed Duvessa
  5540 | D:6      | Killed Duvessa
  5541 | D:6      | Reached skill level 5 in Stealth
  5541 | D:6      | Reached XP level 9. HP: 51/52 MP: 13/13
  5543 | D:6      | Killed Dowan
  5808 | D:7      | Found a sand-covered staircase.
  5828 | D:7      | Learned a level 3 spell: Lesser Beckoning
  5832 | D:7      | Learned a level 3 spell: Vhi's Electric Charge
  5837 | D:7      | Learned a level 4 spell: Manifold Assault
  5887 | Ossuary  | Entered an ossuary
  6258 | D:7      | Found a staircase to the Ecumenical Temple.
  6506 | Temple   | Entered the Ecumenical Temple
  6518 | Temple   | Became a worshipper of Yredelemnul the Dark
  6669 | D:7      | Reached * piety under Yredelemnul
  6746 | D:7      | Identified the +7 hand axe of Duty {heavy, *Rage rElec
                  | rPois Str+6}
  6755 | D:7      | Reached ** piety under Yredelemnul
  6960 | D:7      | Found a snail-covered altar of Cheibriados.
  6968 | D:7      | Reached skill level 5 in Dodging
  7115 | D:8      | Found a bloodstained altar of Trog.
  7338 | D:8      | Found a stormy altar of Qazlal.
  7372 | D:8      | Found a burning altar of Makhleb.
  7395 | D:8      | Found an opulent altar of Gozag.
  7537 | D:9      | Noticed a cyclops
  7572 | D:9      | Killed a cyclops
  7573 | D:9      | Reached skill level 5 in Fighting
  7573 | D:9      | Reached XP level 10. HP: 59/59 MP: 14/14
  7824 | D:9      | Noticed a two-headed ogre
  7876 | D:9      | Killed a two-headed ogre
  7877 | D:9      | Reached skill level 5 in Translocations
  8069 | D:9      | Reached skill level 5 in Ranged Weapons
  8083 | D:9      | Reached skill level 10 in Long Blades
  8143 | D:9      | Found a staircase to the Orcish Mines.
  8403 | D:9      | Found an iron altar of Okawaru.
  8718 | D:9      | Reached *** piety under Yredelemnul
  9047 | D:8      | Reached XP level 11. HP: 41/67 MP: 15/15
  9211 | D:8      | Found a staircase to the Lair.
  9255 | D:8      | Found a transporter.
  9255 | D:8      | Found a transporter.
  9288 | D:8      | Identified the +0 ring mail of the Mind {Int+2 Dex+4
                  | Slay+3}
  9297 | D:8      | Identified the ring of Conformity {rPois rC+ Will+ rCorr}
  9302 | D:8      | Noticed MakMorn's ghost (novice DjCK)
  9304 | D:8      | Noticed Grum
  9930 | D:10     | Entered Level 10 of the Dungeon
  9930 | D:10     | Noticed a two-headed ogre
  9936 | D:10     | Killed a two-headed ogre
 10442 | D:10     | Found Yshypn's Armour Emporium.
 10643 | D:11     | Noticed a manticore
 10651 | D:11     | Killed a manticore
 10693 | D:11     | Found a frozen archway.
 10693 | D:11     | Noticed a catoblepas
 10700 | D:11     | Killed a catoblepas
 10708 | IceCv    | Entered an ice cave
 11759 | IceCv    | Noticed a white draconian
 12095 | IceCv    | Killed a white draconian
 12144 | IceCv    | Identified the ring "Joum" {rF- rN+ rCorr Str+3 Int+3}
 12274 | D:10     | Bought the +4 moon troll leather armour {Spirit, Regen++
                  | MP+5} for 599 gold pieces
 12274 | D:10     | Found the +4 moon troll leather armour {Spirit, Regen++
                  | MP+5}
 12631 | D:11     | Noticed an eight-headed hydra
 12723 | D:11     | Killed an eight-headed hydra
 12724 | D:11     | Reached skill level 1 in Shields
 12724 | D:11     | Reached XP level 12. HP: 72/77 MP: 16/16
 12815 | D:11     | Reached skill level 10 in Fighting
 12890 | D:11     | Noticed a two-headed ogre
 12896 | D:11     | Killed a two-headed ogre
 13491 | D:12     | Learned a level 2 spell: Wereblood
 13846 | D:12     | Noticed Snorg
 13860 | D:12     | Killed Snorg
 14055 | D:12     | Noticed Nessos
 14067 | D:12     | Nessos changed into Nessos the glowing orange brain
 14067 | D:12     | Noticed Nessos
 14072 | D:12     | Killed Nessos the glowing orange brain
 14073 | D:12     | Reached skill level 5 in Shields
 14155 | D:12     | Reached **** piety under Yredelemnul
 14209 | D:12     | Reached ***** piety under Yredelemnul
 14395 | D:12     | Identified the +0 leather armour of Gouwiv {-Tele Str+4
                  | Int+4 Stlth+}
 14537 | D:12     | Your ally Snorg died
 14718 | Lair:1   | Entered Level 1 of the Lair of Beasts
 14816 | Lair:1   | Reached skill level 1 in Evocations
 14850 | Lair:1   | Reached skill level 1 in Invocations
 14889 | Lair:1   | Reached skill level 2 in Invocations
 14995 | Lair:1   | Found a gate leading to a gauntlet.
 15004 | Gauntlet | Entered a Gauntlet
 15004 | Gauntlet | Found a transporter.
 15014 | Gauntlet | Found a transporter.
 15030 | Gauntlet | Found a transporter.
 15034 | Gauntlet | Found a transporter.
 15042 | Gauntlet | Noticed a dire elephant
 15055 | Gauntlet | Found a transporter.
 15068 | Gauntlet | Found a transporter.
 15069 | Gauntlet | Noticed an entropy weaver
 15077 | Gauntlet | Found a large runed translucent door.
 15078 | Gauntlet | Found a large runed translucent door.
 15079 | Gauntlet | Found a large runed translucent door.
 15080 | Gauntlet | Found a runed translucent gate.
 15081 | Gauntlet | Found a transporter.
 15081 | Gauntlet | Found a runed translucent gate.
 15082 | Gauntlet | Found a runed translucent gate.
 15084 | Gauntlet | Found a large runed translucent door.
 15085 | Gauntlet | Found a large runed translucent door.
 15096 | Gauntlet | Found a large runed translucent door.
 15097 | Gauntlet | Found a large runed translucent door.
 15098 | Gauntlet | Found a large runed translucent door.
 15098 | Gauntlet | Found a large runed translucent door.
 15098 | Gauntlet | Found a runed translucent door.
 15099 | Gauntlet | Found a large runed translucent door.
 15100 | Gauntlet | Found a large runed translucent door.
 15110 | Gauntlet | Found a transporter.
 15110 | Gauntlet | Found a transporter.
 15115 | Gauntlet | Found a transporter.
 15143 | Gauntlet | Found a large runed translucent door.
 15144 | Gauntlet | Found a large runed translucent door.
 15144 | Gauntlet | Found a transporter.
 15144 | Gauntlet | Found a transporter.
 15145 | Gauntlet | Found a large runed translucent door.
 15145 | Gauntlet | Found a large runed translucent door.
 15145 | Gauntlet | Found a runed translucent door.
 15146 | Gauntlet | Found a large runed translucent door.
 15186 | Gauntlet | Noticed a shock serpent
 15187 | Gauntlet | a shock serpent changed into a swamp dragon
 15279 | Gauntlet | Noticed an anaconda
 15290 | Gauntlet | an anaconda changed into an orb spider
 15370 | Gauntlet | Identified the ring "Wenowif" {Fire rPois Will+}
 15429 | Gauntlet | Identified the amulet of Symmetry {Spirit Dex+2}
 15429 | Gauntlet | Noticed a minotaur
 15435 | Gauntlet | Identified the +3 falchion of Jazos {drain, Str+3}
 15443 | Gauntlet | Killed a minotaur
 15444 | Gauntlet | Reached skill level 3 in Invocations
 15444 | Gauntlet | Reached XP level 13. HP: 27/82 MP: 2/17
 15448 | Gauntlet | Got Ereshkigal's Anthology of Gloom
 16274 | Lair:2   | Found a runed translucent gate.
 16274 | Lair:2   | Found a runed translucent gate.
 16276 | Lair:2   | Found a runed translucent gate.
 16278 | Lair:2   | Noticed a minotaur
 16281 | Lair:2   | Noticed varamyr's ghost (journeyman TrFi)
 16567 | Lair:2   | Found a staircase to the Swamp.
 16719 | Lair:2   | Reached skill level 4 in Invocations
 17289 | Lair:3   | Reached skill level 5 in Evocations
 17403 | Lair:3   | Reached skill level 5 in Invocations
 17626 | Lair:3   | Found a hole to the Spider Nest.
 17955 | Lair:4   | Found a viscous altar of Jiyva.
 17956 | Lair:4   | Found a staircase to the Slime Pits.
 17979 | Lair:4   | Reached skill level 6 in Invocations
 18122 | Lair:4   | Found a large runed translucent door.
 18122 | Lair:4   | Found a large runed translucent door.
 18126 | Lair:4   | Noticed Kinepo's ghost (journeyman FoFi)
 18136 | Lair:4   | Reached ****** piety under Yredelemnul
 18230 | Lair:4   | Reached skill level 10 in Shields
 18541 | Lair:5   | Entered Level 5 of the Lair of Beasts
 18566 | Lair:4   | Reached skill level 7 in Invocations
 18652 | Lair:5   | Reached skill level 8 in Invocations
 18652 | Lair:5   | Reached XP level 14. HP: 83/88 MP: 21/21
 18677 | Lair:5   | Reached skill level 9 in Invocations
 19194 | Lair:5   | Identified the +6 scale mail of Uso Kiu {Harm SInv Stlth+}
 19826 | Orc:1    | Entered Level 1 of the Orcish Mines
 19933 | Orc:1    | Found a dark tunnel.
 19939 | Volcano  | Entered a volcano
 20103 | Volcano  | Found a radiant altar of Vehumet.
 20241 | Volcano  | Reached skill level 10 in Invocations
 20324 | Orc:1    | Found Xoguej's Antique Armour Boutique.
 20651 | Orc:2    | Entered Level 2 of the Orcish Mines
 20869 | Orc:2    | Found a staircase to the Elven Halls.
 21248 | Orc:2    | Found Etha's Antique Weapon Shoppe.
 21295 | Orc:2    | Found Acvisab's General Store.
 21316 | Orc:2    | Reached XP level 15. HP: 62/92 MP: 12/23
 21409 | Orc:2    | Found Emud's Magic Scroll Shoppe.
 21416 | Orc:2    | Bought a scroll of teleportation for 42 gold pieces
 21461 | Orc:2    | Found Pesyn's Antique Armour Shop.
 21476 | Orc:2    | Bought a pair of ancient gloves for 342 gold pieces
 21476 | Orc:2    | Identified the +1 pair of gloves of Past Mistakes {rF+}
                  | (You bought it in a shop on level 2 of the Orcish Mines)
 21837 | D:6      | Bought the ring of Desertification {rElec Int+4 Dex+6} for
                  | 642 gold pieces
 22788 | D:13     | Found a gate to the Vaults.
 23561 | D:14     | Noticed Azrael
 23577 | D:14     | Killed Azrael
 23578 | D:14     | Reached skill level 10 in Stealth
 23856 | D:14     | Reached skill level 5 in Spellcasting
 24071 | D:15     | Entered Level 15 of the Dungeon
 24121 | D:15     | Found Gibbaew's Antique Weapon Emporium.
 24133 | D:15     | Bought a polished dagger for 252 gold pieces
 24133 | D:15     | Identified the +5 dagger of Ruination {holy, Will+ Dex+3}
                  | (You bought it in a shop on level 15 of the Dungeon)
 25211 | D:15     | Identified the +2 leather armour "Urayziug" {SInv}
 25333 | D:15     | Reached XP level 16. HP: 90/97 MP: 24/24
 25677 | D:15     | Found a staircase to the Depths.
 26114 | Swamp:1  | Entered Level 1 of the Swamp
 26120 | Swamp:1  | Reached skill level 10 in Dodging
 26120 | Swamp:1  | Reached skill level 1 in Air Magic
 26735 | Swamp:1  | Identified a scroll of acquirement
 26767 | Swamp:1  | Noticed a fenstrider witch
 26774 | Swamp:1  | Killed a fenstrider witch
 28354 | Swamp:2  | Reached skill level 5 in Air Magic
 28636 | Swamp:2  | Noticed Kirke
 28644 | Swamp:2  | Killed Kirke
 29165 | Swamp:3  | Noticed a fenstrider witch
 29170 | Swamp:3  | Killed a fenstrider witch
 29628 | Swamp:3  | Identified the +6 arbalest of the Wheel {flame, Will+ SInv}
 29958 | Swamp:3  | Reached skill level 10 in Evocations
 29973 | Swamp:3  | Reached skill level 11 in Invocations
 30575 | Swamp:3  | Reached XP level 17. HP: 102/102 MP: 3/26
 30803 | Swamp:4  | Entered Level 4 of the Swamp
 31113 | Swamp:4  | Reached skill level 10 in Translocations
 31638 | Swamp:4  | Reached skill level 12 in Invocations
 32010 | Swamp:4  | Got a decaying rune of Zot
 32998 | Elf:1    | Entered Level 1 of the Elven Halls
 33115 | Elf:1    | Noticed Frances
 33137 | Elf:1    | Killed Frances
 33156 | Elf:1    | Found Ylaczyos's Weapon Boutique.
 33407 | Elf:1    | Found Vuodgh's Antique Armour Boutique.
 33424 | Elf:1    | Bought a faintly humming cloak for 313 gold pieces
 33424 | Elf:1    | Identified the +3 cloak of the Armoured One {Rampage rF+
                  | rC+} (You bought it in a shop on level 1 of the Elven
                  | Halls)
 33590 | Elf:1    | Found Lesoom's General Store.
 33597 | Elf:1    | Bought a scroll of fear for 80 gold pieces
 33787 | Elf:1    | Found Bimem's Weapon Shoppe.
 34001 | Elf:1    | Found Xiar's General Store.
 34063 | Elf:1    | Bought a wand of roots (5) for 144 gold pieces
 34063 | Elf:1    | Bought a wand of light (5) for 252 gold pieces
 34063 | Elf:1    | Bought a potion of curing for 36 gold pieces
 34063 | Elf:1    | Bought a potion of invisibility for 96 gold pieces
 34063 | Elf:1    | Bought a scroll of fog for 48 gold pieces
 34133 | Elf:1    | Noticed Nikola
 34142 | Elf:1    | Killed Nikola
 35204 | Elf:2    | Reached XP level 18. HP: 106/107 MP: 15/28
 35237 | Elf:2    | Noticed Roxanne
 35848 | Elf:2    | Found a runed translucent gate.
 35848 | Elf:2    | Found a runed translucent gate.
 35849 | Elf:2    | Found a runed translucent gate.
 36266 | Elf:2    | Killed Roxanne
 36385 | Elf:3    | Entered Level 3 of the Elven Halls
 36398 | Elf:3    | Acquired 244 gold pieces
 37336 | Elf:3    | Noticed a deep elf blademaster
 37351 | Elf:3    | Killed a deep elf blademaster
 37508 | Abyss:2  | Cast into level 2 of the Abyss (a deep elf sorcerer)
 37710 | Elf:3    | Escaped the Abyss
 38298 | Spider:1 | Entered Level 1 of the Spider Nest
 38645 | Spider:1 | Reached skill level 15 in Translocations
 39873 | Spider:2 | Identified the +0 buckler of Freedom {+Inv Will+++ rCorr
                  | Str-4}
 40054 | Spider:2 | Reached skill level 1 in Transmutations
 41160 | Spider:2 | Identified the +8 plate armour of Rura {rPois rF- Will+}
 42420 | Spider:2 | Reached XP level 19. HP: 113/113 MP: 17/29
 43143 | Spider:3 | Reached skill level 5 in Armour
 44850 | Spider:4 | Entered Level 4 of the Spider Nest
 45097 | Spider:4 | Noticed drugrobin's ghost (adept DgDe)
 45097 | Spider:4 | Found a runed translucent door.
 45513 | Spider:4 | Identified the +4 mace of Shrieking Terror {heavy, *Slow
                  | rN+ Str+3 Stlth+}
 47007 | Spider:4 | Got a gossamer rune of Zot
 48916 | Elf:3    | Identified the ring "Hihask" {*Corrode Fly rElec rC+}
 49761 | Elf:3    | Identified the +8 hand axe "Ziluhunt" {chaos, +Blink Will-
                  | Str+4 SInv}
 50033 | Elf:3    | Identified the +11 mace of Impeachment {antimagic, *Corrode
                  | Str+3 Int+4}
 50066 | Elf:3    | Reached skill level 5 in Transmutations
 50066 | Elf:3    | Reached XP level 20. HP: 121/121 MP: 4/30
 50077 | Elf:3    | Identified the +5 scale mail of Jadweroq {rF+ Slay+2}
 50581 | Elf:3    | Identified the +10 plate armour "Jeequm" {Fly rElec Dex-5
                  | Stlth+}
 50643 | Elf:3    | Identified the ring of Yleujytia {Drain rC++ rN+ MP+9
                  | Stlth+}
 51228 | Elf:3    | Found the +10 Black Knight's barding {ponderous, rPois rN+}
 51230 | Elf:3    | Found the +0 pair of fencer's gloves {Riposte Dex+3}
 51234 | Elf:3    | Got the Elucidation of Configuration
 51689 | Vaults:1 | Entered Level 1 of the Vaults
 52552 | Vaults:1 | Noticed Donald
 52557 | Vaults:1 | Killed Donald
 55420 | Vaults:2 | Found a staircase to the Crypt.
 55793 | Vaults:3 | Reached XP level 21. HP: 132/132 MP: 31/31
 55838 | Vaults:3 | Reached skill level 15 in Dodging
 56044 | Vaults:3 | Reached skill level 15 in Fighting
 56276 | Vaults:3 | Got Wiph's Atlas of Translocation and Feathers
 56298 | Vaults:3 | Learned a level 3 spell: Swiftness
 56355 | Vaults:3 | Found a crumbling gateway.
 56363 | Desolati | Entered the Desolation of Salt
 56424 | Desolati | Identified the +1 buckler of Faonoi {Dex+3}
 56427 | Desolati | Identified the ring of Opadgh {rF+ AC+4}
 56428 | Desolati | Identified the ring of Megalomania {rElec rF+ Will- Str+4}
 56906 | Desolati | Identified the +4 great mace of Olaistil {holy, MP+9 Str+3
                  | Int+2 Dex-2}
 56927 | Desolati | Identified the +8 falchion of Focus {spect, Fly Dex+2
                  | Stlth+}
 57587 | Desolati | Got the Book of the Dark Scorpion
 57821 | Desolati | Got the Tractate on Shaping
 57823 | Desolati | Got Falukhu's Atlas of Combative Points
 58116 | Vaults:3 | Found Zukk's Antique Weapon Emporium.
 58124 | Vaults:3 | Bought an iridescent rapier for 387 gold pieces
 58124 | Vaults:3 | Identified the +1 rapier of the Briny Deep {freeze, rF+
                  | MP+9} (You bought it in a shop on level 3 of the Vaults)
 58351 | Vaults:3 | Found a radiant altar of Vehumet.
 58351 | Vaults:3 | Found the +3 robe of Clouds {*Thunder rCloud rElec}
 58391 | Vaults:3 | Identified the +1 robe of the Slightly Bent {Rampage Dex+5}
 58401 | Vaults:3 | Found the +2 hood of the Assassin {Detection Stab+ Stlth++}
 58420 | Vaults:3 | Identified the +0 robe "Iturac" {Str+7}
 58918 | Vaults:4 | Reached XP level 22. HP: 122/141 MP: 7/32
 59445 | Vaults:4 | Reached skill level 13 in Invocations
 59651 | Vaults:4 | Noticed Sojobo
 59665 | Vaults:4 | Killed Sojobo
 61330 | Elf:2    | Noticed Agnes
 61338 | Elf:2    | Killed Agnes
 61739 | Elf:1    | Bought a scroll of blinking for 150 gold pieces
 61739 | Elf:1    | Bought a scroll of brand weapon for 190 gold pieces
 61904 | Orc:2    | Bought a scroll of summoning for 133 gold pieces
 61904 | Orc:2    | Bought a scroll of enchant weapon for 105 gold pieces
 61904 | Orc:2    | Bought a scroll of fear for 56 gold pieces
 61904 | Orc:2    | Bought a scroll of fog for 56 gold pieces
 61904 | Orc:2    | Bought a scroll of blinking for 105 gold pieces
 61904 | Orc:2    | Bought 2 scrolls of teleportation for 84 gold pieces
 61908 | Orc:2    | Bought a scroll of enchant armour for 120 gold pieces
 61908 | Orc:2    | Bought a potion of curing for 48 gold pieces
 62230 | Vaults:5 | Entered Level 5 of the Vaults
 62298 | Vaults:5 | Noticed a golden dragon
 62306 | Vaults:5 | Killed a golden dragon
 62577 | Vaults:5 | Reached XP level 23. HP: 140/148 MP: 21/34
 63053 | Vaults:5 | Reached skill level 15 in Stealth
 63123 | Vaults:5 | Reached skill level 15 in Long Blades
 63642 | Vaults:5 | Noticed an ancient lich
 63654 | Vaults:5 | Killed an ancient lich
 64127 | Vaults:5 | Found Diennan's Antique Weapon Shoppe.
 64244 | Vaults:5 | Got a silver rune of Zot
 64430 | Vaults:5 | Identified the ring "Kauj" {Fly rPois}
 64571 | Vaults:5 | Got the Discursus on the Sweltering Wayfarer
 64573 | Vaults:5 | Identified the +4 flail of Satyriasis {holy, Drain rN+
                  | rCorr}
 64586 | Vaults:5 | Got Sif Muna's Compilation of Cold and Breccia
 65715 | Depths:1 | Entered Level 1 of the Depths
 65745 | Depths:1 | Found The Oracle's Delphic Readings.
 65749 | Depths:1 | Bought a scroll of teleportation for 48 gold pieces
 66305 | Depths:1 | Found a gateway to Hell.
 66333 | Depths:1 | Reached XP level 24. HP: 113/157 MP: 16/34
 67153 | Depths:2 | Found a bloodstained altar of Trog.
 67223 | Depths:2 | Found a one-way gateway to a ziggurat.
 67792 | Depths:2 | Found a one-way gate leading to the halls of Pandemonium.
 67927 | Depths:3 | Found a one-way gate to the infinite horrors of the Abyss.
 67927 | Depths:3 | Noticed Louise
 67931 | Depths:3 | Killed Louise
 68830 | Depths:3 | Noticed Boris
 68846 | Depths:3 | Killed Boris
 69577 | Depths:4 | Entered Level 4 of the Depths
 69910 | Depths:4 | Reached XP level 25. HP: 168/168 MP: 10/34
 69910 | Depths:4 | Found a gate to the Realm of Zot.
 69991 | Depths:4 | Reached skill level 14 in Invocations
 70434 | Depths:4 | Found a blossoming altar of Fedhas.
 71366 | Depths:3 | Reached skill level 15 in Invocations
 71793 | Slime:1  | Entered Level 1 of the Pits of Slime
 71891 | Slime:1  | Gained mutation: You do not regenerate when monsters are
                  | visible. [a shining eye]
 71920 | Slime:1  | Lost mutation: You do not regenerate when monsters are
                  | visible. [potion of mutation]
 71920 | Slime:1  | Gained mutation: You are resistant to electric shocks.
                  | (rElec) [potion of mutation]
 71920 | Slime:1  | Gained mutation: You are somewhat resistant to further
                  | mutation. [potion of mutation]
 71920 | Slime:1  | Lost mutation: You are somewhat resistant to further
                  | mutation. [potion of mutation]
 71920 | Slime:1  | Gained mutation: You are robust. (+10% HP) [potion of
                  | mutation]
 72892 | Slime:3  | Gained mutation: Your flesh is cold resistant. (rC+) [a
                  | shining eye]
 73009 | Slime:4  | Reached skill level 16 in Invocations
 73754 | Slime:5  | Entered Level 5 of the Pits of Slime
 73970 | Slime:5  | Found a viscous altar of Jiyva.
 73970 | Slime:5  | Noticed the Royal Jelly
 74051 | Slime:5  | Killed the Royal Jelly
 74052 | Slime:5  | Reached skill level 17 in Invocations
 74055 | Slime:5  | Your ally the Royal Jelly died
 74565 | Slime:5  | Identified the +2 buckler of Time Monsters {rPois Dex+3
                  | Slay+3}
 74582 | Slime:5  | Got the Meditations on Relocation
 74595 | Slime:5  | Got a slimy rune of Zot
 74651 | Slime:5  | Identified the +0 cloak of Absolutism {rF+}
 74981 | D:3      | Killed Heh's ghost
 75097 | D:5      | Killed Newt's ghost
 75215 | D:8      | Killed MakMorn's ghost
 75296 | D:8      | Killed Grum
 75590 | Lair:2   | Killed varamyr's ghost
 75757 | Lair:4   | Killed Kinepo's ghost
 76357 | Zot:1    | Entered Level 1 of the Realm of Zot
 76635 | Zot:1    | Reached skill level 18 in Invocations
 76824 | Zot:1    | Identified the +8 short sword of Baew Wum {drain, rC+ rCorr
                  | Str+3 Dex+2}
 76854 | Zot:1    | You are sucked into a shaft and drop 1 floor!
 77081 | Zot:2    | Reached XP level 26. HP: 191/191 MP: 37/37
 78416 | Zot:2    | Noticed a dread lich
 78550 | Zot:2    | Reached skill level 19 in Invocations
 78718 | Zot:2    | Killed a dread lich
 79271 | Zot:2    | Reached skill level 20 in Invocations
 79786 | Zot:2    | Acquired a manual of Translocations
 79798 | Zot:2    | Reached XP level 27. HP: 196/196 MP: 38/38
 83461 | Zot:4    | Reached skill level 21 in Invocations
 83693 | Zot:4    | Noticed an ancient lich
 83900 | Zot:4    | Found a shimmering blue altar of Sif Muna.
 83904 | Zot:4    | Found a transporter.
 84454 | Zot:5    | Entered Level 5 of the Realm of Zot
 85340 | Zot:5    | Noticed an orb of fire
 85341 | Zot:5    | Gained mutation: You are dopey. (Int -2) [an orb of fire]
 85343 | Zot:5    | Lost mutation: You are robust. (+10% HP) [an orb of fire]
 85347 | Zot:5    | Killed an orb of fire
 85353 | Zot:5    | Noticed an ancient lich
 85359 | Zot:5    | Found the +4 dragonskin cloak
 85359 | Zot:5    | Noticed Tiamat
 85360 | Zot:5    | Noticed an orb of fire
 85361 | Zot:5    | Noticed an orb of fire
 85364 | Zot:5    | Noticed an orb of fire
 85369 | Zot:5    | Noticed a dread lich
 85381 | Zot:5    | Noticed an orb of fire
 85398 | Zot:5    | Killed an orb of fire
 86215 | Zot:5    | Killed a dread lich
 86830 | Zot:5    | Gained mutation: Your body sometimes deteriorates upon
                  | taking damage. [an orb of fire]
 86831 | Zot:5    | Gained mutation: Your magical capacity is low. (-10% MP)
                  | [an orb of fire]
 86838 | Zot:5    | Lost mutation: You are dopey. (Int -2) [an orb of fire]
 86839 | Zot:5    | Killed an orb of fire
 87481 | Zot:5    | Killed Tiamat
 87895 | Zot:5    | Gained mutation: Potions are less effective at restoring
                  | your health. [an orb of fire]
 87902 | Zot:5    | Gained mutation: You occasionally shout uncontrollably at
                  | your foes. [an orb of fire]
 87906 | Zot:5    | Gained mutation: Your muscles are strong. (Str +4, Int/Dex
                  | -1) [an orb of fire]
 87910 | Zot:5    | Gained mutation: You are frail. (-10% HP) [an orb of fire]
 87911 | Zot:5    | Killed an orb of fire
 88127 | Zot:5    | Lost mutation: You occasionally shout uncontrollably at
                  | your foes. [potion of mutation]
 88127 | Zot:5    | Lost mutation: Your body sometimes deteriorates upon taking
                  | damage. [potion of mutation]
 88127 | Zot:5    | Lost mutation: You are frail. (-10% HP) [potion of
                  | mutation]
 88127 | Zot:5    | Lost mutation: Potions are less effective at restoring your
                  | health. [potion of mutation]
 89320 | Zot:5    | Gained mutation: You occasionally lose the ability to drink
                  | potions when taking damage. [an orb of fire]
 89630 | Depths:3 | Voluntarily entered the Abyss.
 89652 | Depths:3 | Escaped the Abyss
 90250 | Zig:1    | Entered Level 1 of a ziggurat
 90352 | Zig:2    | Entered Level 2 of a ziggurat
 90470 | Zig:3    | Entered Level 3 of a ziggurat
 90562 | Zig:3    | Reached skill level 10 in Armour
 90592 | Zig:4    | Entered Level 4 of a ziggurat
 90688 | Zig:5    | Entered Level 5 of a ziggurat
 90818 | Zig:6    | Entered Level 6 of a ziggurat
 90938 | Zig:7    | Entered Level 7 of a ziggurat
 90985 | Zig:7    | Identified the +3 quarterstaff "Lotzon" {flame, rC- rCorr
                  | Str+4 Int+4}
 91066 | Zig:8    | Entered Level 8 of a ziggurat
 91107 | Zig:8    | Identified the +5 plate armour of Experimentation {Drain
                  | Fly rElec Str+4}
 92648 | Zot:5    | Killed an orb of fire
 93168 | Zot:5    | Killed an ancient lich
 93776 | Zot:5    | Got the Orb of Zot
 93821 | Zot:4    | Identified the +0 robe of Love and Death {Dex+3 Stlth+}
 93830 | Zot:4    | Found a transporter.
 94105 | D:14     | Noticed Boris
 94110 | D:14     | Killed Boris
 94173 | D:8      | Noticed a seraph
 94183 | D:8      | HP: 5/179 [angel/+3 sacred scourge of holy wrath[a seraph]
                  | (6)]
 94183 | D:8      | Killed from afar by a daeva

Illustrated notes

Levels and vault maps discovered:
D:1:      saegor_arrival_simple_b, layout_rooms
D:2:      layout_rooms, hellmonk_ecumenical_altar_crossroads
D:3:      layout_basic, kiku_gazebo_pond_becter, nzn_wu_jian_contemplation,
          serial_shops, nicolae_shop_hallway_plus, gammafunk_ghost_grave,
          uniq_robin, uniq_crazy_yiuf_cottage
D:4:      layout_loops_cross, serial_shops, nicolae_shop_waterfront,
          nicolae_elevator_lobby_asterisk
D:5:      layout_basic, good_gods_mini_temple, gammafunk_ghost_icy, st_stairs_5,
          uniq_prince_ribbit1, uniq_pikel
D:6:      layout_basic, serial_shops, nicolae_shop_behind_doors, uniq_eustachio,
          uniq_duvessa
D:7:      layout_cave_pods, slow_altar_2, temple_hall,
          nicolae_ossuary_entry_catacombs, corexii_leaking_fountain
D:8:      layout_basic, nicolae_overflow_squiral,
          mainiacjoe_overflow_catch_the_wave, david_lair_shrubbed,
          gammafunk_ghost_gnarly_gnolls
D:9:      layout_stronghold, mainiacjoe_overflow_small_starburst, erik_orc_1
D:10:     layout_rooms, serial_shops, kennysheep_little_box, nrook_loot_triangle
D:11:     layout_loops_ring, serial_rivers, chequers_serial_rivers_small_3,
          chequers_serial_rivers_large_b, chequers_serial_rivers_room_b,
          chequers_serial_rivers_micro_a, portal_ice_cave_entry_pillars_1,
          david_defended_altar_orc
D:12:     layout_loops_corners, uniq_snorg, uniq_nessos
D:13:     layout_stronghold, david_vaults_1
D:14:     layout_rooms, special_room [special_room_bee], hangedman_decor_points,
          uniq_azrael
D:15:     grunt_enter_depths_hoard, layout_stronghold, serial_shops, shop,
          hangedman_corner_corridor
Temple:   minmay_freezing_vapour_temple
Lair:1:   layout_cave_pods, gauntlet_entry_generic, infiniplex_staircase_pool_2,
          grunt_megastairs_3
Lair:2:   layout_loops_ring, minmay_swamp_entry_worms,
          maelrawn_ghost_gauntlet_escape, serial_forest,
          infiniplex_forest_clump_small, infiniplex_forest_clump_medium,
          infiniplex_forest_lined_room_3, infiniplex_forest_lined_3_way,
          infiniplex_forest_pool, infiniplex_forest_lined_2,
          infiniplex_forest_lined_corner, infiniplex_forest_lined_2,
          infiniplex_forest_clump_medium, lemuel_fruit_tree
Lair:3:   layout_hall_layers, nicolae_spider_entry_orb_guardian,
          nicolae_lair_run_with_the_wolves
Lair:4:   layout_big_grid, slime_entry_1, ebering_ghost_disaster_area,
          cheibrodos_lair_lostbears
Lair:5:   minmay_lair_end_frog_pond, layout_gridlike, minivault_27
Swamp:1:  layout_basic_swamp, hangedman_swamp_ruin_wall
Swamp:2:  layout_basic_swamp, evilmike_swamp_ruin_rubble_2, uniq_kirke
Swamp:3:  nicolae_swamp_long_stream, layout_falls_marsh,
          nicolae_swamp_bean_lake, swamp_pool5,
          nicolae_swamp_nymph_family_reunion
Swamp:4:  swamp_alternative, layout_basic_swamp
Spider:1: layout_spider_delve, hive_lemuel, hangedman_spider_tarantella_strand
Spider:2: nicolae_spider_corner
Spider:3: layout_spider_delve, hellmonk_narrow_tunnel
Spider:4: guppyfry_spider_rune, gammafunk_ghost_grave
Slime:1:  layout_caves
Slime:2:  layout_caves, basic_altar
Slime:3:  layout_caves
Slime:4:  layout_caves, cheibrodos_slime_lost_civilization_7
Slime:5
Orc:1:    layout_caves, enter_volcano_4, serial_shops, shop
Orc:2:    hellmonk_orc_salted, layout_diamond_mine
Elf:1:    nicolae_elf_arrival_fired_up, layout_geoelf_diagonals, serial_shops,
          nicolae_square_shop, nicolae_shop_stone, nicolae_shop_crystal, shop,
          nicolae_shop_crystal, hangedman_elf_represent,
          hangedman_elf_targetted_burst, kilobyte_rumbling_trees, uniq_nikola,
          uniq_frances
Elf:2:    nicolae_elf_blades_splatter_lattice [mumra_blade_entry_bloodbath],
          layout_geoelf_octagon, uniq_roxanne, uniq_agnes
Elf:3:    nooodl_elf_gasket, layout_geoelf_octagon, grunt_megastairs_2
Vaults:1: vaults_room_pool, v_misc_19, v_alt_pattern_4, hangedman_vaults_snaps,
          ontoclasm_vaults_ring_small, vaults_dpeg_diagonal,
          nicolae_vaults_little_squares_4, v_misc_10, layout_vaults_omnigrid,
          uniq_donald
Vaults:2: vaults_standard_mumra_lines, minmay_crypt_entry_simple_round,
          v_misc_17, v_pattern_4, vaults_room_pool, v_misc_2,
          nicolae_vaults_rhombus_6, nicolae_vaults_specimen_jars,
          v_alt_pattern_1, hangedman_vaults_impose, layout_vaults_omnicross
Vaults:3: portal_desolation_entry_garden, grunt_tower_of_power, v_alt_pattern_4,
          hangedman_vaults_variations, v_rooms_6, v_alt_pattern_5,
          ontoclasm_vaults_chip, v_alt_pattern_2,
          nicolae_vaults_little_squares_2, ontoclasm_vaults_hangar,
          ontoclasm_vaults_pinch, hangedman_vaults_slice, vaults_mumra_chevron,
          vaults_dpeg_emergency_exit, layout_vaults_omnibox, serial_shops,
          nicolae_shop_waterfront
Vaults:4: v_misc_9, ontoclasm_vaults_ring_large, nicolae_vaults_theta,
          v_misc_22, grunt_vaults_diagonal, nicolae_vaults_network_periphery,
          v_pattern_3, vaults_standard_mumra_x, vaults_room_pools,
          ontoclasm_vaults_shout, hangedman_vaults_slither,
          nicolae_vaults_three_branches, vaults_dpeg_ring, layout_vaults_ring,
          uniq_sojobo
Vaults:5
Depths:1: layout_cave_pools, nicolae_concentric_dashed_squares_wild,
          grunt_mini_vestibule, serial_rivers, chequers_serial_rivers_room_a,
          chequers_serial_rivers_small_a, chequers_serial_rivers_micro_b,
          chequers_serial_rivers_small_a, chequers_serial_rivers_room_b,
          chequers_serial_rivers_small_b, nicolae_nh_oracle_at_delphi
Depths:2: minmay_cut_squares, layout_gridlike, enter_ziggurat_e,
          trog_three_pillars_becter, rand_demon_pan_entry_9, hell_entry
Depths:3: hangedman_arrow_trap, layout_gridlike, chequers_jeans, pan_entry,
          nicolae_abyss_entry_one_way_or_another, hell_entry, uniq_boris
Depths:4: grunt_zot_entry_gee_three, layout_basic, pf_coc_iceberg,
          fedhas_altar_1
Zot:1:    layout_gridlike, st_single_dragon_hoard_1
Zot:2:    hangedman_zot_vaults_quadrants, layout_concentric_octagons,
          skrybe_zot_glass_3
Zot:3:    layout_basic, grunt_megastairs_5
Zot:4:    gammafunk_sealed_library, layout_basic, lemuel_elevator
Zot:5:    layout_misc_corridors, uniq_tiamat

Skill      XL: |  1  2  3  4  5  6  7  8  9 10 11 12 13 14 15 16 17 18 19 20 21 22 23 24 25 26 27 |
---------------+----------------------------------------------------------------------------------+-----
Long Blades    | 3 4 5 6 7 8 9 10 13 14 16 | 16.0
Stealth        | 1 3 5 7 8 10 11 12 13 14 15 | 15.0
Armour         | 2 3 4 5 12 | 12.0
Dodging        | 3 4 5 7 9 10 11 14 15 16 18 20 | 20.0
Translocations | 3 4 5 6 7 9 13 15 19 | 19.0
Fighting       | 3 5 7 9 10 11 14 15 16 17 20 | 20.0
Ranged Weapons | 2 4 6 |  6.0
Shields        | 1 7 10 11 12 13 | 13.0
Evocations     | 3 5 7 10 11 14 | 14.2
Invocations    | 3 8 10 11 12 13 18 20 21 | 21.0
Spellcasting   | 5 7 |  7.0
Air Magic      | 5 |  5.0
Transmutations | 2 5 6 7 |  7.0
Throwing       | |  1.0

Action                   |  1- 3 |  4- 6 |  7- 9 | 10-12 | 13-15 | 16-18 | 19-21 | 22-24 | 25-27 || total
-------------------------+-------+-------+-------+-------+-------+-------+-------+-------+-------++-------
Melee: Falchion          |   101 |    46 |    72 |       |       |       |       |       |       ||   219
       Peck              |    16 |     5 |    31 |    97 |   231 |   197 |   295 |   348 |   409 ||  1629
       Kick              |    20 |    11 |    52 |   162 |   379 |   311 |   504 |   484 |   633 ||  2556
       Punch             |     1 |       |     2 |     5 |       |       |       |       |       ||     8
       Long sword        |       |       |    81 |    72 |       |       |       |       |       ||   153
       Short sword       |       |       |     2 |     7 |       |       |       |       |       ||     9
       Scimitar          |       |       |       |   332 |   935 |  1401 |  1681 |  1377 |  1149 ||  6875
       Double sword      |       |       |       |       |       |       |       |       |   660 ||   660
 Fire: Sling             |       |    67 |   205 |   149 |       |       |       |       |       ||   421
       Hand crossbow     |       |       |       |     3 |       |       |       |       |       ||     3
Throw: Boomerang         |    20 |     4 |     3 |     2 |       |       |       |       |       ||    29
       Dart              |       |     3 |     3 |     1 |       |       |       |       |       ||     7
       Javelin           |       |       |       |     1 |       |       |       |       |       ||     1
 Cast: Wereblood         |       |       |       |       |     2 |       |    22 |    23 |    19 ||    66
       Manifold Assault  |       |       |       |       |    41 |   486 |   545 |   270 |   528 ||  1870
       Vhi's Electric Ch |       |       |       |       |       |     2 |     4 |     1 |    23 ||    30
       Lesser Beckoning  |       |       |       |       |       |     2 |       |       |       ||     2
       Blink             |       |       |       |       |       |       |       |       |     7 ||     7
Invok: Recall Undead Har |       |       |       |     5 |    18 |     9 |    11 |    18 |    17 ||    78
       Bind Soul         |       |       |       |       |     2 |     3 |     2 |     3 |     3 ||    13
Evoke: Wand              |       |       |     1 |    15 |     2 |     2 |     6 |       |     3 ||    29
       Phantom mirror    |       |       |       |       |     2 |     6 |     1 |     3 |     2 ||    14
       Lightning rod     |       |       |       |       |     6 |       |     4 |       |       ||    10
       Condenser vane    |       |       |       |       |       |       |     3 |     3 |     4 ||    10
       Tin of tremorston |       |       |       |       |       |       |     2 |       |     2 ||     4
       Box of beasts     |       |       |       |       |       |       |       |     1 |     2 ||     3
  Use: Scroll            |       |     2 |     2 |    16 |     8 |     4 |     7 |     3 |    30 ||    72
       Potion            |       |       |       |     3 |       |     4 |     3 |     3 |    18 ||    31
 Stab: Sleeping          |     2 |     1 |     6 |     5 |    19 |     6 |    11 |    52 |    34 ||   136
       Distracted        |       |       |       |     4 |    25 |    24 |    40 |    24 |    21 ||   138
       Confused          |       |       |       |     1 |       |       |       |       |       ||     1
       Invisible         |       |       |       |     6 |     3 |       |     5 |       |     2 ||    16
       Fleeing           |       |       |       |       |       |       |       |     1 |       ||     1
Armor: Leather armour    |    35 |    37 |    63 |    55 |       |       |       |       |       ||   190
       Troll leather arm |       |       |       |    24 |   131 |    95 |    99 |    84 |   143 ||   576
Dodge: Dodged            |    65 |    51 |   140 |   269 |   504 |   490 |   735 |   692 |  1186 ||  4132
Block: Buckler           |       |       |       |    37 |   328 |   303 |   327 |   261 |   366 ||  1622
       Rpst.: Scimitar   |       |       |       |       |       |       |   175 |   180 |   191 ||   546
       Double sword      |       |       |       |       |       |       |       |       |   105 ||   105

Table legend: (Time is in decaauts)
 A = Elapsed time spent in this place.
 B = Non-inter-level travel time spent in this place.
 C = Inter-level travel time spent in this place.
 D = Time resting spent in this place.
 E = Time spent auto-exploring this place.
 F = Levels seen in this place.
 G = Mean time per level.
                   A        B        C        D        E       F      G
               +--------+--------+--------+--------+--------+-----+--------+
         Total |  88396 |  78249 |  10147 |  24048 |  38918 |  69 | 1281.1 |
       Dungeon |  18531 |  15059 |   3472 |   2421 |   9148 |  15 | 1235.4 |
        Temple |     16 |     10 |      6 |      0 |      9 |   1 |   16.0 |
          Lair |   5017 |   4157 |    860 |    154 |   3085 |   5 | 1003.4 |
         Swamp |   6354 |   6227 |    127 |   2358 |   3186 |   4 | 1588.5 |
   Spider Nest |   9264 |   8821 |    443 |   3650 |   4067 |   4 | 2316.0 |
    Slime Pits |   2796 |   2716 |     80 |   1393 |    778 |   5 |  559.2 |
  Orcish Mines |   1929 |   1366 |    563 |     80 |    918 |   2 |  964.5 |
   Elven Halls |   8805 |   7851 |    954 |   3530 |   2999 |   3 | 2935.0 |
        Vaults |  10381 |   9025 |   1356 |   1229 |   5818 |   5 | 2076.2 |
        Depths |   6162 |   4807 |   1355 |    448 |   3372 |   4 | 1540.5 |
           Zot |  14150 |  13224 |    926 |   6927 |   4416 |   5 | 2830.0 |
         Abyss |    210 |    210 |      0 |    119 |     10 |   3 |   70.0 |
      Ziggurat |    915 |    915 |      0 |    543 |    105 |   8 |  114.4 |
       Ossuary |    251 |    251 |      0 |      2 |     96 |   1 |  251.0 |
      Ice Cave |   1444 |   1444 |      0 |    739 |    233 |   1 | 1444.0 |
       Volcano |    298 |    298 |      0 |     44 |     22 |   1 |  298.0 |
    Desolation |   1440 |   1440 |      0 |    353 |    516 |   1 | 1440.0 |
      Gauntlet |    425 |    425 |      0 |     51 |    133 |   1 |  425.0 |
               +--------+--------+--------+--------+--------+-----+--------+

Top non-repeatable levels by time:
   Zot:5: 6816 daAuts
   Elf:3: 4529 daAuts
Spider:2: 3144 daAuts
   Zot:2: 2704 daAuts
Spider:4: 2591 daAuts
Vaults:5: 2427 daAuts
     D:9: 2203 daAuts
Vaults:4: 2194 daAuts
   Elf:1: 2156 daAuts
Vaults:2: 2156 daAuts
   Elf:2: 2120 daAuts
Vaults:1: 2106 daAuts
Depths:3: 1998 daAuts
    D:15: 1960 daAuts
Spider:3: 1888 daAuts
